 Dungeon Crawl Stone Soup version 0.14-a0-1413-g94b8a5e (webtiles) character file.

61 Jenx the Firebug (level 3, -1/19 HPs)
             Began as a Deep Elf Fire Elementalist on Dec 11, 2013.
             Slain by a giant gecko (4 damage)
             ... on Level 2 of the Dungeon.
             The game lasted 00:02:21 (541 turns).

Jenx the Firebug (Deep Elf Fire Elementalist)        Turns: 541, Time: 00:02:21

HP  -1/19        AC  3     Str  5      XL: 3   Next:  0%
MP   5/10        EV 13     Int 20      God:
Gold 33          SH  0     Dex 15      Spells:  2 memorised,  5 levels left

rFire  . . .     SeeInvis .     (no weapon)
rCold  . . .     Clarity  .     a - +0 elf robe
rNeg   . . .     Conserve .     (no shield)
rPois  .         rCorr    .     (no helmet)
rElec  .         rRot     .     k - +0 cloak
SustAb . .       Spirit   .     (no gloves)
rMut   .         Warding  .     (no boots)
Saprov . . .     Stasis   .     (no amulet)
                                (no ring)
                                (no ring)

@: slightly resistant to hostile enchantments, fairly stealthy
A: no striking features
a: no special abilities


You were on level 2 of the Dungeon.
You were not hungry.

You visited 1 branch of the dungeon, and saw 2 of its levels.

You collected 33 gold pieces.

Inventory:

Missiles
 l - 31 poisoned needles
 n - 14 darts (quivered)
Armour
 a - a +0 elven robe (worn)
 k - a +0 cloak (worn)
Comestibles
 c - a bread ration
 g - a rotting chunk of goblin flesh
 h - an apple
 i - a meat ration
 j - a rotting chunk of giant cockroach flesh
 m - a chunk of giant newt flesh
Scrolls
 d - a scroll of curse armour {unknown}
 e - 2 scrolls of identify {unknown}
 o - a scroll of enchant weapon II {unknown}
 p - a scroll of curse jewellery {unknown}
Potions
 f - 2 potions of curing {unknown}
Books
 b - a book of Flames

   Spells                             Type                      Level
   *Flame Tongue                      Conjuration/Fire             1
   *Throw Flame                       Conjuration/Fire             2
   Conjure Flame                      Conjuration/Fire             3
   Inner Flame                        Hexes/Fire                   3
   Sticky Flame                       Conjuration/Fire             4
   Fireball                           Conjuration/Fire             5


   Skills:
 - Level 2.4 Dodging
 - Level 2.4 Stealth
 - Level 3.0 Spellcasting
 - Level 1.1 Conjurations
 * Level 4.6 Fire Magic


You had 5 spell levels left.
You knew the following spells:

 Your Spells              Type           Power        Failure   Level  Hunger
a - Flame Tongue          Conj/Fire      ##...        4%          1    None
b - Throw Flame           Conj/Fire      ##....       10%         2    ##.....


Dungeon Overview and Level Annotations

Branches:
Dungeon (2/16)

Altars:


Message History

Casting: Throw Flame
Confirm with . or Enter, or press ? or * to list all spells.
Aiming: Flame Tongue
Press: ? - help, Shift-Dir - straight line, f - giant gecko
Aim: a giant gecko The flame hits the giant gecko.
The giant gecko is severely wounded.
Casting: Flame Tongue
Confirm with . or Enter, or press ? or * to list all spells.
Aiming: Flame Tongue
Press: ? - help, Shift-Dir - straight line, f/p - giant gecko
Aim: a giant gecko (severely wounded)
The flame misses the giant gecko.
Casting: Flame Tongue
Confirm with . or Enter, or press ? or * to list all spells.
Aiming: Flame Tongue
Press: ? - help, Shift-Dir - straight line, f/p - giant gecko
Aim: a giant gecko (severely wounded)
The flame misses the giant gecko.
The giant gecko bites you.
You die...

#............(##
#.............. #####
###♣.♣♣#..P♣♣§###....♣ P
#..♣♣♣PP.♣§§≈PP§♣♣.♣
♣PP..♣P♣....♣♣♣♣)♣♣♣♣.♣.#
♣♣♣♣.♣♣♣.♣♣.♣P♣..♣♣♣P.♣#
♣PP..♣.P..♣..♣....♣..#+
♣.♣..P.♣♣♣P.♣♣♣Pl♣..%..#
♣P.♣.♣...8P.P♣♣@.♣.♣.♣.#
♣..♣P.........P..♣..♣♣...♣
.....♣♣.8.⌠.8...♣P.♣P...P♣.♣
♣..P.PP......♣.PPP..♣♣.♣..♣
♣....♣.♣P8.P.♣♣.P♣♣♣.♣.♣ ♣
..♣.♣♣♣.♣♣P♣.♣..♣P♣..♣.♣
PP..P....♣..♣PP..♣....
....♣♣♣..♣♣♣..♣PP...
.♣♣....♣P#.♣♣..♣##


You could see a giant gecko.

Vanquished Creatures
  A green rat (D:2)
  A giant mite (D:1)
  A giant gecko (D:1)
  2 goblins
  3 hobgoblins (D:2)
  A bat (D:1)
  A giant cockroach (D:1)
  2 giant newts
12 creatures vanquished.

Notes
Turn   | Place    | Note
--------------------------------------------------------------
     0 | D:1      | Jenx, the Deep Elf Fire Elementalist, began the quest for the Orb.
     0 | D:1      | Reached XP level 1. HP: 10/10 MP: 5/5
   306 | D:1      | Reached skill level 4 in Fire Magic
   306 | D:1      | Reached XP level 2. HP: 15/15 MP: 3/8
   310 | D:1      | Learned a level 2 spell: Throw Flame
   533 | D:2      | Reached XP level 3. HP: 3/19 MP: 7/10
   541 | D:2      | Slain by a giant gecko

Action                   || total
-------------------------++-------
Melee: Unarmed           ||     1
 Cast: Flame Tongue      ||    22
       Throw Flame       ||     1
